 Dungeon Crawl Stone Soup version 0.29.1-15-g9cfb28693d (webtiles) character file.

Game seed: 8381406014817374407

468 McKennaii the Digger (level 6, -2/45 HPs)
             Began as a Demigod Earth Elementalist on Mar 2, 2023.
             Slain by an orc warrior
             ... wielding a +0 glaive
              (23 damage)
             ... on level 4 of the Dungeon.
             The game lasted 00:06:10 (3569 turns).

McKennaii the Digger (Demigod Earth Elementalist)   Turns: 3569, Time: 00:06:10

Health: -2/45      AC:  5    Str:  9    XL:     6   Next: 51%
Magic:  10/15      EV: 12    Int: 25    God:
Gold:   100        SH:  0    Dex: 14    Spells: 5/13 levels left

rFire   . . .      SeeInvis .   l - +2 dagger (elec)
rCold   . . .      Faith    .   (no shield)
rNeg    . . .      Spirit   .   a - +0 robe
rPois   .          Reflect  .   g - +0 helmet
rElec   .          Harm     .   (no cloak)
rCorr   +          Rampage  .   (no gloves)
Will    +....                   n - +1 pair of boots
Stlth   ++........              k - amulet of the acrobat
HPRegen 0.15/turn               o - ring of willpower
MPRegen 0.14/turn               r - ring of resist corrosion

@: no status effects
A: high MP 1, forlorn, divine attributes
a: no special abilities


You were on level 4 of the Dungeon.
You visited 1 branch of the dungeon, and saw 4 of its levels.

You collected 100 gold pieces.

Inventory:

Hand Weapons
 l - a +2 dagger of electrocution (weapon)
Armour
 a - a +0 robe (worn)
 g - a +0 helmet (worn)
 n - a +1 pair of boots (worn)
Jewellery
 f - a +6 ring of strength
 k - an amulet of the acrobat (around neck)
 o - a ring of willpower (left hand)
 r - a ring of resist corrosion (right hand)
Scrolls
 c - 3 scrolls of identify
 d - a scroll of torment
 i - a scroll of noise
 j - 3 scrolls of immolation
 s - a scroll of enchant armour
Potions
 b - 3 potions of magic
 e - 2 potions of degeneration {unknown}
 h - a potion of flight {unknown}
 m - a potion of curing {unknown}
 p - 2 potions of heal wounds
 q - a potion of haste {unknown}
 u - a potion of lignification {unknown}


   Skills:
 - Level 1.7 Dodging
 - Level 1.7 Stealth
 + Level 4.1 Spellcasting
 + Level 1.7 Conjurations
 - Level 0.8 Transmutations
 + Level 1.7 Air Magic
 + Level 4.9 Earth Magic


You had 5 spell levels left.
You knew the following spells:

 Your Spells              Type           Power      Damage    Failure   Level
a - Sandblast             Erth           58%        2d13      1%          1
b - Stone Arrow           Conj/Erth      42%        3d9       7%          3
c - Airstrike             Air            6%         2d(1-17)  41%         4

Your spell library contained the following spells:

 Spells                   Type           Power      Damage    Failure   Level
 Passwall                 Tmut/Erth      15%        N/A       4%          2
 Ensorcelled Hibernation  Hex/Ice        10%        N/A       14%         2
 Mephitic Cloud           Conj/Pois/Air  11%        N/A       17%         3
 Spider Form              Tmut/Pois      7%         N/A       22%         3
 Ignite Poison            Fire/Tmut/Pois 6%         N/A       24%         3
 Petrify                  Tmut/Erth      19%        N/A       26%         4
 Summon Lightning Spire   Summ/Air       9%         N/A       54%         4
 Anguish                  Hex/Necr       2%         N/A       65%         4
 Lightning Bolt           Conj/Air       6%         1d18      77%         5
 Freezing Cloud           Conj/Ice/Air   5%         6-21      83%         5
 Chain Lightning          Conj/Air       6%         3d8       100%        9
 Fire Storm               Conj/Fire      4%         8d1       100%        9
 Shatter                  Erth           14%        3d14*     100%        9


Dungeon Overview and Level Annotations

Branches:
Dungeon (4/15)             Temple (0/1) D:4

Annotations:
D:2 Sigmund


Innate Abilities, Weirdness & Mutations

You have an increased reservoir of magic. (+10% MP)
You shall have no god before yourself.
Your divine heritage dramatically boosts your attributes as you level up.


Message History

The bullfrog skeleton is almost destroyed.
The bullfrog skeleton hits you. x2
There are monsters nearby!
The blast of sand hits the bullfrog skeleton!
You destroy the bullfrog skeleton!
The blast of sand hits the hound zombie.
The hound zombie is moderately damaged.
The blast of sand hits the hound zombie!!
You destroy the hound zombie!
You can't see any susceptible monsters within range! (Use Z to cast anyway.) Natasha, Servant of Life and Death comes into view.
The blast of sand hits Natasha!!
You kill Natasha!
Natasha screams in fury as she dies!
You can't see any susceptible monsters within range! (Use Z to cast anyway.) Magic restored.
HP restored.
b - 3 potions of magic (gained 1);
c - 3 scrolls of identify (gained 1)
You now have 100 gold pieces (gained 15).
Things that are here:
a +0 whip; a stone
There is a staircase to the Ecumenical Temple here.
s - a scroll of enchant armour
Found a bloodstained altar of Trog.
The blast of sand hits the orc warrior but does no damage.
The orc warrior shouts!
The orc warrior misses you.
The orc warrior hits you from afar with a +0 glaive!
The blast of sand hits the orc warrior but does no damage.
The orc warrior hits you from afar with a +0 glaive!
Casting: Sandblast (safe; 1% risk of failure)
Confirm with . or Enter, or press ? or * to list all spells.
Aiming: Stone Arrow (dangerous; 7% risk of failure)
Press: ? - help, Shift-Dir - straight line, f/p - orc warrior
Aim: an orc warrior, wielding a +0 glaive and wearing a +0 chain mail (68% to hit)
The stone arrow hits the orc warrior!
The orc warrior is heavily wounded.
The orc warrior hits you from afar with a +0 glaive!!
Ouch! That really hurt!
You die...

#.# ####.# .....#
.#.### #### ##
....########._. ..
.......)...#.).#
#.
....#########...#o
.#>## #...## .#.#
#.@.## .#.#
##...## ##.#
##...## ##.#
##...#####. ##.#
#..........# ...#
###.#.####..# ####
#.....###...## #
#.#.#.##..... #
#.#.........#


You could see an orc warrior.

Vanquished Creatures
  A bullfrog (D:4)
  A scorpion (D:3)
  An orc priest (D:3)
  Jessica (D:2)
  A bullfrog skeleton (D:4)
  An iguana (D:3)
  Natasha (twice) (D:4)
  2 scorpion zombies (D:4)
  A hound zombie (D:4)
  A hound skeleton (D:4)
  2 adders
  An adder zombie (D:4)
  3 dart slugs
  5 orcs (D:3)
  4 bats (D:1)
  11 endoplasms
  11 giant cockroaches
  3 goblins
  4 hobgoblins
  5 quokkas
  5 ball pythons
  2 frilled lizards (D:1)
  5 kobolds
  2 rats
75 creatures vanquished.

Vanquished Creatures (collateral kills)
  An adder (D:4)
1 creature vanquished.

Vanquished Creatures (others)
  A plant (D:2)
  17 withered plants (D:4)
18 creatures vanquished.

Grand Total: 94 creatures vanquished

Notes
Turn   | Place    | Note
-------+----------+-------------------------------------------
     0 | D:1      | McKennaii the Demigod Earth Elementalist began the quest
                  | for the Orb.
     0 | D:1      | Reached XP level 1. HP: 14/14 MP: 5/5
   479 | D:1      | Reached XP level 2. HP: 20/20 MP: 4/7
  1122 | D:2      | Noticed Jessica
  1129 | D:2      | Killed Jessica
  1130 | D:2      | Reached XP level 3. HP: 2/26 MP: 5/9
  1652 | D:2      | Noticed Sigmund
  1658 | D:2      | Learned a level 3 spell: Stone Arrow
  1794 | D:3      | Reached XP level 4. HP: 33/33 MP: 9/11
  2331 | D:3      | Reached XP level 5. HP: 32/38 MP: 9/13
  2405 | D:3      | Learned a level 4 spell: Airstrike
  2653 | D:4      | Found a staircase to the Ecumenical Temple.
  2671 | D:4      | Reached skill level 1 in Conjurations
  2671 | D:4      | Reached skill level 1 in Air Magic
  2964 | D:4      | Reached XP level 6. HP: 45/45 MP: 12/15
  3369 | D:4      | Noticed Natasha
  3370 | D:4      | Killed Natasha
  3415 | D:4      | Noticed Natasha
  3416 | D:4      | Killed Natasha
  3569 | D:4      | Slain by an orc warrior

Illustrated notes

Levels and vault maps discovered:
D:1:      ebering_trefoil_twist, layout_loops_ring,
          chequers_ecumenical_altar_lobes, kennysheep_flooded_box,
          minmay_misc_feat_five
D:2:      minmay_roachtagon, layout_rooms, serial_forest,
          infiniplex_forest_join, infiniplex_forest_clump_tiny,
          infiniplex_forest_straight_2, infiniplex_forest_end_3,
          infiniplex_forest_clump_long, infiniplex_forest_clump_curved,
          uniq_jessica, uniq_sigmund
D:3:      layout_loops_ring, lemuel_coloured_pillars_altar
D:4:      layout_loops_corners, nzn_overflow_gifts_of_might_and_magic,
          minmay_temple_entry_stoned_glass, enter_ossuary_4, solitary_fountain,
          dilly_guarded_unrand_morg

Skill      XL: |  1  2  3  4  5  6 |
---------------+-------------------+-----
Spellcasting   | 2 3 4 |  4.1
Earth Magic    | 3 4 |  4.9
Conjurations   | 1 |  1.7
Air Magic      | 1 |  1.7
Dodging        | |  1.7
Stealth        | |  1.7
Transmutations | |  0.8

Action                   |  1- 3 |  4- 6 || total
-------------------------+-------+-------++-------
Melee: Unarmed           |     6 |       ||     6
       Dagger            |     8 |     2 ||    10
 Cast: Sandblast         |    53 |    57 ||   110
       Stone Arrow       |       |     9 ||     9
  Use: Scroll            |       |     9 ||     9
Armor: Robe              |     7 |     7 ||    14
Dodge: Dodged            |    33 |     9 ||    42
